Map: Ruins of Endion

Players

blackxored - Winner!

  • Race: Zerg Zerg
  • League: Diamond

EveHo

  • Race: Zerg Zerg
  • League: Platinum

VOD

Have the link to the VOD?

Description

Time

  • Played on: June 30, 2016, 2:58 p.m.
  • Length: 4:54
Show
View Real Time Build Order
Export as new Build Order

blackxored Zerg - Winner!

Build Orders: Hatch First, Zergling Baneling 

Get SALT Encoding   

  12  0:02  Drone  
  13  0:08  Drone  
  14  0:18  Overlord  
  14  0:23  Extractor  
  14  0:24  Drone  
  15  0:38  Drone x2  
  17  0:53  Hatchery  
  17  0:56  Drone  
  17  0:59  Drone  
  18  1:10  Extractor  
  18  1:11  Drone  
  18  1:17  Spawning Pool  
  17  1:20  Drone  
  18  1:28  Drone  
  19  1:46  Overlord  
  19  1:55  Drone  
  20  2:10  Zergling x4, Queen  
  20  2:11  Queen  
  20  2:12  Zergling x2  
  20  2:13  Metabolic Boost  
  27  2:23  Zergling x4  
  29  2:32  Drone  
  29  2:36  Drone  
  31  2:41  Baneling Nest  
  30  2:48  Zergling x6  
  33  2:57  Zergling x2  
  33  3:05  Zergling x2  
  34  3:12  Zergling x2  
  35  3:13  Overlord  
  35  3:32  Zergling x12  
  41  3:44  Baneling  
  41  3:45  Baneling x6  
  41  3:48  Drone x2  
  43  3:49  Overlord  
  43  3:52  Hatchery  
  37  4:13  Zergling x14  
  42  4:23  Zergling x2  
  42  4:24  Zergling x4  
  45  4:28  Baneling x4  
  45  4:30  Zergling x2  
  45  4:31  Zergling x2  
Show
View Real Time Build Order
Export as new Build Order

EveHo Zerg 

Build Orders: Hatch First 

Get SALT Encoding   

  12  0:01  Drone  
  13  0:12  Overlord  
  13  0:17  Drone  
  14  0:32  Drone x2  
  16  0:39  Drone  
  17  0:55  Hatchery  
  16  1:00  Drone x2  
  18  1:16  Spawning Pool  
  18  1:18  Extractor  
  16  1:19  Drone x2  
  18  1:29  Drone  
  19  1:39  Overlord  
  19  2:05  Queen  
  19  2:07  Zergling x4  
  23  2:09  Queen  
  23  2:10  Zergling x2  
  23  2:14  Zergling x2  
  27  2:22  Drone x2  
  29  2:34  Drone x2  
  31  2:41  Drone  
  32  2:44  Drone  
  32  2:48  Hatchery  
  32  2:53  Drone  
  33  3:02  Metabolic Boost  
  33  3:04  Drone  
  33  3:05  Baneling Nest  
  33  3:06  Zergling x4  
  35  3:15  Overlord  
  35  3:30  Zergling x2  
  35  3:33  Queen  
  36  3:46  Zergling x12  
  42  3:49  Baneling x5  
  42  3:57  Zergling x2  
  33  4:22  Zergling x8  
  33  4:23  Zergling x6  
Tags
 
Add a new tag
Caveats
  • Supply blocks, unpowered buildings, or Contaminate may cause inaccurate times.
  • Supply counts are checked every 10 seconds.